Map: [ESL] Royal Blood

Players

NightMare

  • Race: Protoss Protoss
  • Spawn Location: 7:00

HeroMarine - Winner!

  • Race: Terran Terran
  • Spawn Location: 1:00

Event: ESL SC2 Masters 2023 Summer (Finals)

VOD

Have the link to the VOD?

Description

Time

  • Played on: June 16, 2023, 7:16 a.m.
  • Length: 12:20

All games in this series

Show
View Real Time Build Order
Export as new Build Order

NightMare Protoss 

Build Orders: 1 Gate Expand, Blink Stalkers 

Get SALT Encoding   

  12  0:00  Probe  
  13  0:12  Probe  
  14  0:16  Pylon  
  14  0:24  Probe (Chrono Boost)  
  15  0:36  Probe (Chrono Boost), Gateway  
  16  0:44  Probe (Chrono Boost)  
  16  0:45  Assimilator  
  17  0:50  Probe  
  18  1:03  Probe  
  19  1:15  Probe  
  20  1:23  Cybernetics Core  
  20  1:33  Nexus  
  20  1:36  Probe  
  21  1:43  Pylon  
  21  1:47  Assimilator  
  21  1:51  Probe  
  22  1:58  Adept (Chrono Boost)  
  23  2:02  Warp Gate  
  24  2:08  Probe  
  24  2:19  Twilight Council  
  24  2:20  Probe  
  25  2:28  Stalker  
  27  2:32  Probe  
  28  2:44  Probe, Gateway  
  28  2:45  Probe  
  28  2:47  Blink (Chrono Boost)  
  30  2:58  Probe  
  31  3:00  Probe  
  32  3:06  Stalker  
  34  3:14  Probe x2  
  35  3:26  Probe x2  
  34  3:38  Probe x2  
  36  3:50  Probe x2, Stalker x2  
  36  3:54  Pylon  
  42  4:02  Probe x2  
  44  4:08  Nexus  
  44  4:14  Probe x2  
  46  4:17  Stalker  
  46  4:23  Robotics Facility  
  48  4:27  Probe  
  48  4:28  Probe  
  50  4:35  Stalker  
  52  4:41  Probe x2  
  53  4:53  Probe, Charge  
  53  4:56  Pylon, Forge  
  54  5:00  Assimilator  
  54  5:13  Pylon  
  54  5:14  Probe x2  
  54  5:15  Robotics Bay  
  54  5:16  Observer  
  54  5:20  Gateway  
  58  5:21  Probe  
  58  5:22  Gateway  
  58  5:26  Probe  
  59  5:30  Zealot  
  59  5:31  Sentry  
  59  5:34  Probe, Gateway  
  64  5:37  Probe  
  64  5:38  Probe  
  64  5:44  Probe, Protoss Ground Weapons Level 1 (Chrono Boost)  
  64  5:45  Probe  
  64  5:49  Probe  
  66  5:52  Probe  
  68  5:59  Disruptor (Chrono Boost)  
  68  6:02  Probe  
  68  6:03  Probe, Pylon  
  71  6:05  Gateway  
  71  6:06  Probe  
  74  6:15  Probe  
  74  6:16  Probe  
  74  6:18  Probe  
  74  6:21  Zealot  
  74  6:22  Zealot  
  78  6:27  Probe, Disruptor (Chrono Boost)  
  78  6:28  Probe  
  78  6:30  Probe  
  78  6:31  Pylon  
  84  6:36  Shield Battery  
  84  6:39  Probe  
  85  6:43  Probe x2  
  86  6:48  Disruptor (Chrono Boost)  
  86  6:51  Probe  
  90  6:54  Stalker x2  
  90  6:56  Pylon  
  94  7:02  Pylon  
  92  7:10  Probe x3  
  92  7:12  Pylon  
  93  7:15  Zealot x3  
  93  7:20  Zealot x2  
  93  7:21  Disruptor (Chrono Boost)  
  92  7:38  Zealot x4  
  94  7:44  Zealot x2  
  94  7:49  Probe x2  
  94  7:50  Probe  
  87  8:00  Stalker x4  
  90  8:05  Probe x2  
  90  8:06  Probe  
  90  8:09  Stalker x2  
  96  8:23  Stalker x4  
  100  8:28  Probe x3  
  99  8:39  Stalker x2  
  99  8:43  Probe x3  
  99  8:47  Observer  
  93  8:49  Zealot x4  
  93  8:50  Warp Prism (Chrono Boost)  
  101  9:05  Zealot x2  
  105  9:10  Zealot x4  
  105  9:13  Pylon  
  113  9:22  Nexus  
  109  9:25  Protoss Ground Weapons Level 2 (Chrono Boost)  
  109  9:29  Robotics Facility  
  109  9:33  Probe x3, Assimilator  
  112  9:39  Colossus (Chrono Boost)  
  112  9:42  Pylon  
  118  9:51  Probe x2, Pylon  
  118  9:52  Probe  
  121  9:58  Zealot x4  
  119  10:02  Pylon  
  119  10:06  Extended Thermal Lance  
  119  10:11  Pylon  
  119  10:19  Colossus (Chrono Boost)  
  119  10:24  Stalker x3  
  122  10:30  Zealot  
  121  10:36  Stalker  
  121  10:38  Stalker  
  123  10:50  Zealot x3  
  123  10:52  Observer (Chrono Boost)  
  128  10:59  Zealot  
  120  11:04  Observer (Chrono Boost)  
  121  11:15  Pylon  
  114  11:20  Pylon  
  114  11:21  Pylon  
  114  11:24  Pylon  
  106  11:29  Stalker x2  
  100  11:41  Observer  
  100  11:52  Zealot x4  
  108  12:04  Nexus  
  108  12:05  Pylon  
Show
View Real Time Build Order
Export as new Build Order

HeroMarine Terran - Winner!

Build Orders:  

Get SALT Encoding   

  12  0:00  SCV  
  13  0:12  SCV  
  14  0:17  Supply Depot  
  14  0:24  SCV  
  15  0:38  SCV  
  15  0:39  Barracks  
  15  0:42  Refinery  
  16  0:50  SCV  
  16  0:52  Refinery  
  17  1:02  SCV  
  18  1:14  SCV  
  19  1:21  Supply Depot  
  19  1:26  Reaper  
  19  1:27  Orbital Command  
  20  1:41  Factory  
  20  1:52  SCV  
  21  1:58  Barracks Reactor  
  21  2:04  SCV  
  22  2:16  SCV  
  22  2:19  Command Center  
  23  2:25  Hellion  
  23  2:28  SCV  
  26  2:34  Marine x2  
  28  2:38  Supply Depot  
  28  2:40  SCV  
  29  2:47  Widow Mine  
  31  2:54  Starport  
  31  3:00  Marine, SCV  
  31  3:02  Marine  
  34  3:09  Widow Mine  
  34  3:12  SCV  
  36  3:22  Marine x2  
  36  3:24  SCV  
  39  3:31  Medivac, Factory Tech Lab  
  39  3:36  SCV  
  39  3:40  Marine x2  
  42  3:48  Orbital Command, SCV  
  42  3:49  Bunker  
  42  3:55  Siege Tank  
  46  4:00  SCV  
  46  4:01  Starport Tech Lab  
  46  4:02  Marine x2  
  49  4:12  SCV  
  49  4:13  Supply Depot  
  49  4:14  SCV  
  51  4:19  Raven  
  53  4:25  SCV  
  53  4:27  Barracks  
  54  4:34  Marine x2  
  54  4:35  SCV, Siege Tank  
  60  4:39  SCV  
  57  4:47  SCV  
  57  4:48  Barracks, Supply Depot  
  57  4:51  SCV  
  56  4:52  Marine  
  56  4:53  Marine  
  56  4:55  Raven  
  56  4:57  Engineering Bay  
  56  4:59  SCV  
  61  5:01  Refinery  
  61  5:04  SCV  
  62  5:10  Marine x2  
  62  5:11  SCV  
  65  5:16  SCV  
  65  5:19  Supply Depot  
  66  5:23  SCV  
  66  5:24  Terran Infantry Weapons Level 1  
  66  5:27  Marine  
  66  5:28  Marine x2  
  68  5:29  Stimpack  
  68  5:34  SCV, Refinery  
  68  5:35  Supply Depot  
  70  5:45  Marine x2, Combat Shield, SCV  
  70  5:46  Marine, SCV  
  70  5:47  Supply Depot  
  70  5:48  Starport Reactor  
  70  5:49  Marine  
  75  5:55  Factory Reactor  
  76  5:57  SCV  
  76  5:58  SCV  
  76  6:01  Supply Depot  
  76  6:03  Marauder x2  
  82  6:06  Marine  
  82  6:07  Marine  
  86  6:14  Supply Depot  
  84  6:23  Supply Depot  
  84  6:24  Marine, Medivac x2, Marauder  
  84  6:25  Marauder, Marine  
  94  6:29  SCV x2  
  94  6:31  Widow Mine x2  
  100  6:42  Marine  
  100  6:43  Marine  
  100  6:46  Marauder x2  
  106  6:51  Supply Depot  
  106  6:59  Medivac  
  106  7:00  Marine, Medivac  
  106  7:01  Marine  
  112  7:04  Concussive Shells  
  112  7:06  Widow Mine  
  112  7:07  Marauder x2  
  118  7:10  Command Center  
  118  7:13  Widow Mine  
  120  7:16  Supply Depot  
  120  7:19  Marine  
  120  7:20  Marine  
  122  7:29  Marauder x2  
  124  7:32  SCV x2  
  112  7:37  Marine x2  
  101  7:44  SCV x2  
  101  7:45  Widow Mine x2, Medivac  
  101  7:50  Marauder x2  
  107  7:56  SCV  
  103  8:05  SCV  
  96  8:08  SCV  
  96  8:09  Widow Mine x2, Medivac  
  96  8:11  Marauder  
  96  8:12  Marauder  
  107  8:21  Barracks  
  107  8:23  Barracks, SCV x2  
  105  8:27  Medivac  
  105  8:28  Marine x2  
  105  8:33  Marauder x2  
  109  8:35  SCV  
  109  8:39  Widow Mine x2, Medivac  
  110  8:41  Terran Infantry Armor Level 1  
  110  8:45  SCV, Marine  
  110  8:47  SCV  
  105  8:55  Marine  
  105  8:57  Marauder x2, Medivac  
  105  9:00  Widow Mine, Ghost Academy  
  112  9:05  Widow Mine, Missile Turret  
  112  9:09  Barracks Reactor  
  114  9:11  Orbital Command  
  114  9:12  Barracks Tech Lab  
  114  9:16  Medivac  
  116  9:20  Marauder x2  
  116  9:23  Widow Mine, Armory  
  120  9:27  SCV  
  120  9:31  Marine x3, Bunker  
  122  9:34  SCV  
  125  9:39  SCV  
  125  9:41  Widow Mine, Marauder x2, Medivac  
  125  9:45  Widow Mine, Marine  
  134  9:46  Marine  
  134  9:48  Marine  
  134  9:49  Marine x2  
  139  9:55  SCV  
  139  9:56  SCV  
  141  10:01  Engineering Bay  
  141  10:02  Marine  
  141  10:03  Marauder, Marine x2  
  141  10:06  Marine  
  147  10:07  Marine  
  147  10:10  Refinery x2  
  147  10:11  Supply Depot  
  147  10:12  Supply Depot  
  147  10:13  Marauder  
  147  10:14  Orbital Command  
  148  10:20  Marauder  
  146  10:26  Marauder  
  146  10:28  Widow Mine  
  149  10:33  Widow Mine, Marine x2, Medivac x2  
  157  10:47  Marauder, Marine x2  
  157  10:48  Marine  
  157  10:53  Marine  
  157  11:03  SCV  
  157  11:05  SCV x2  
  157  11:08  Refinery x2  
  157  11:09  Supply Depot  
  157  11:12  Marauder  
  157  11:14  Marine x2  
  157  11:15  Marauder  
  157  11:19  SCV, Supply Depot  
  157  11:25  Medivac  
  157  11:26  Marauder, Medivac  
  157  11:30  Factory Tech Lab  
  150  11:34  Marauder, Marine  
  150  11:36  Marauder  
  150  11:38  Marine  
  147  11:42  Marine x2  
  148  11:48  Marauder  
  148  11:52  Marine  
  152  11:55  Marauder  
  152  11:56  Marine  
  152  11:57  Marauder  
  152  11:58  Command Center  
  152  11:59  Marine  
  152  12:00  Marine  
  163  12:13  Supply Depot  
  163  12:14  Supply Depot  
Tags
 
Add a new tag
Caveats
  • Supply blocks, unpowered buildings, or Contaminate may cause inaccurate times.
  • Supply counts are checked every 10 seconds.